 Dungeon Crawl Stone Soup version 0.16-b1 (webtiles) character file.

541 McCoppin the Skirmisher (level 7, -6/61 HPs)
             Began as a Formicid Assassin on Mar 11, 2015.
             Mangled by an orc
             ... wielding a +2 hand axe of electrocution
              (16 damage)
             ... on level 5 of the Dungeon.
             The game lasted 00:14:40 (1860 turns).

McCoppin the Skirmisher (Formicid Assassin)         Turns: 1860, Time: 00:14:40

Health: -6/61      AC:  5    Str: 15    XL:     7   Next: 52%
Magic:  9/9        EV: 12    Int: 11    God:
Gold:   92         SH:  0    Dex: 18    Spells: 0 memorised, 6 levels left

rFire  . . .     SeeInvis +     a - +1 whip (venom)
rCold  . . .     Clarity  .     c - +0 robe
rNeg   . . .     SustAb   .     (no shield)
rPois  .         Gourm    .     (helmet unavailable)
rElec  .         Spirit   .     d - +0 cloak
rCorr  .         Warding  .     m - +1 pair of gloves
rMut   .         Stasis   +     (no boots)
MR     .....                    (no amulet)
Stlth  +++.......               (no ring)
                                j - +4 ring of dexterity

@: not resistant to hostile enchantments, fairly stealthy
A: permanent stasis, dig shafts and tunnels, four strong arms, antennae 3
a: Dig, Shaft Self


You were on level 5 of the Dungeon.
You were hungry.

You visited 2 branches of the dungeon, and saw 5 of its levels.

You collected 92 gold pieces.

Inventory:

Hand weapons
 a - a +1 whip of venom (weapon)
 b - a +0 blowgun
 l - a +2 dagger
Missiles
 e - 2 curare-tipped needles
 o - 3 poisoned needles
Armour
 c - a +0 robe (worn)
 d - a +0 cloak (worn)
 k - a +0 shield
 m - a +1 pair of gloves (worn)
 p - a +0 chain mail
Jewellery
 j - a +4 ring of dexterity (left hand)
 q - an uncursed amulet of warding {unknown}
Scrolls
 i - a scroll of blinking {unknown}
 r - 2 scrolls of remove curse {unknown}
 s - a scroll of teleportation {unknown}
Potions
 h - a potion of agility {unknown}
Comestibles
 g - 3 bread rations
 n - 2 beef jerkies
 t - a meat ration


   Skills:
 + Level 7.8 Fighting
 - Level 2.0 Short Blades
 - Level 2.1 Throwing
 - Level 0.8 Dodging
 - Level 5.7 Stealth


You had 6 spell levels left.
You didn't know any spells.

Dungeon Overview and Level Annotations

Branches:
Dungeon (5/15)             Temple (1/1) D:4

Altars:
Ashenzari
Cheibriados
Elyvilon
Fedhas
Gozag
Kikubaaqudgha
Nemelex Xobeh
Qazlal
Ru
Sif Muna
Vehumet
Xom
Yredelemnul
Zin
The Shining One

Annotations:
D:5 McCoppin's ghost, average HEGl


Innate Abilities, Weirdness & Mutations

You are under a permanent stasis effect.
You can dig through walls and to a lower floor.
Your four strong arms can wield two-handed weapons with a shield.
You have a pair of large antennae on your head (SInv).


Message History

The orc wizard points at you and mumbles some strange words.
The puff of flame hits you! The ice beast hits you. The ice beast freezes you!
* * * LOW HITPOINT WARNING * * *
You hit the ooze.
The ooze is moderately wounded.
The orc hits you with a hand axe of electrocution.
* * * LOW HITPOINT WARNING * * *
The orc wizard hits you with a dagger.
* * * LOW HITPOINT WARNING * * *
The ice beast barely misses you. The orc wizard hits you with a dagger.
* * * LOW HITPOINT WARNING * * *
You whack the ooze!
The ooze is severely wounded.
The orc barely misses you. The ooze hits you but does no damage.
The ice beast hits you but does no damage.
The orc wizard hits you but does no damage.
You hit the ooze.
The ooze is almost dead.
The orc hits you but does no damage.
You are electrocuted!
You die...

#.# ########.# #.....##.#
#########.....##.#
..............##.#
.########.....##.# .#
#.....##.############### .#
###....ooYs............# .#
#.....J@#############.# .#
#...(.#### ##.## .#######......{
######## ##...#
.......#.......##......#####.....
...$...........##.####..s..s.....
####...##..l..###.# #######.....
).# #...## #†# ##...# . # #s#
##.## ## #.# #.#


You could see an ice beast, a scorpion, an ooze, an orc wizard and an orc.

Vanquished Creatures
  Sigmund (D:4)
  2 scorpions
  2 hounds (D:5)
  2 iguanas (D:4)
  A jelly (D:5)
  An orc wizard (D:5)
  4 worker ants (D:5)
  3 gnolls (D:5)
  5 worms
  An ooze (D:4)
  7 orcs (D:5)
  A bat skeleton (D:4)
  2 hobgoblins
  4 jackals (D:5)
  A bat (D:5)
  A giant cockroach zombie (D:5)
  2 giant newts
  3 goblins
  2 kobolds
  2 rats (D:5)
  A butterfly (D:4)
48 creatures vanquished.

Notes
Turn   | Place    | Note
--------------------------------------------------------------
     0 | D:1      | McCoppin, the Formicid Assassin, began the quest for the Orb.
     0 | D:1      | Reached XP level 1. HP: 16/16 MP: 1/1
    59 | D:1      | You fall through a shaft!
    67 | D:2      | Reached skill level 5 in Stealth
    85 | D:2      | Found a radiant altar of Vehumet.
    88 | D:2      | You fall through a shaft for 2 floors!
   111 | D:4      | Reached XP level 2. HP: 22/22 MP: 3/3
   179 | D:4      | Noticed an iguana
   209 | D:4      | Killed an iguana
   209 | D:4      | Reached XP level 3. HP: 26/28 MP: 4/4
   237 | D:4      | Noticed Sigmund
   274 | D:4      | Killed Sigmund
   274 | D:4      | Reached XP level 4. HP: 34/37 MP: 5/5
   274 | D:4      | Reached XP level 5. HP: 38/42 MP: 7/7
   381 | D:4      | Noticed an iguana
   396 | D:4      | Killed an iguana
   495 | D:4      | Found a sparkling altar of Nemelex Xobeh.
   566 | D:4      | Noticed a scorpion
   577 | D:4      | Killed a scorpion
   577 | D:4      | Reached skill level 5 in Fighting
   577 | D:4      | Reached XP level 6. HP: 47/51 MP: 8/8
   626 | D:4      | Found a staircase to the Ecumenical Temple.
   635 | Temple   | Entered the Ecumenical Temple
   753 | D:5      | Entered Level 5 of the Dungeon
   964 | D:5      | Reached skill level 6 in Fighting
  1309 | D:5      | Reached skill level 7 in Fighting
  1309 | D:5      | Reached XP level 7. HP: 41/60 MP: 9/9
  1431 | D:5      | Noticed McCoppin's ghost (average HEGl)
  1739 | D:5      | Noticed an ice beast
  1860 | D:5      | Mangled by an orc

Action                   |  1- 3 |  4- 6 |  7- 9 || total
-------------------------+-------+-------+-------++-------
Melee: Dagger            |     9 |     2 |       ||    11
       Whip              |       |    61 |    46 ||   107
 Fire: Blowgun           |    15 |    23 |     6 ||    44
 Abil: Shaft Self        |     2 |       |       ||     2
 Stab: Sleeping          |     2 |     8 |       ||    10
       Distracted        |       |     1 |       ||     1
  Eat: Chunk             |       |     2 |     1 ||     3
